 Dungeon Crawl Stone Soup version 0.20.1-1-g8b1a95d (webtiles) character file.

142 HammerPanzer the Cudgeler (level 5, 0/42 HPs)
             Began as a Demonspawn Berserker on Oct 30, 2017.
             Was a Believer of Trog.
             Succumbed to kobold's curare-tipped needle
             ... on level 3 of the Dungeon.
             The game lasted 00:05:43 (1766 turns).

HammerPanzer the Cudgeler (Demonspawn Berserker)    Turns: 1766, Time: 00:05:44

Health: 0/42       AC: 11    Str: 18    XL:     5   Next: 4%
Magic:  5/5        EV: 16    Int:  8    God:    Trog [**....]
Gold:   141        SH:  0    Dex: 18    Spells: 4/4 levels left

rFire    + . .     SeeInvis .   a - +0 mace
rCold    + . .     Gourm    .   (no shield)
rNeg     . . .     Faith    .   j - +0 ring mail
rPois    .         Spirit   .   (no helmet)
rElec    .         Reflect  .   n - scarf {rC+ rF+}
rCorr    .         Harm     .   (no gloves)
MR       .....                  (no boots)
Stlth    +++.......             (no amulet)
Regen    0.2/turn               r - ring of stealth
MPRegen  0.1/turn               (no ring)

@: agile, lethally poisoned (0 -> -7), sanguine armour, berserk cooldown,
slowed, very slow
A: hooves 1, powered by death 1, sanguine armour 1
a: Berserk, Trog's Hand, Burn Spellbooks, Renounce Religion


You were on level 3 of the Dungeon.
You worshipped Trog.
Trog was pleased with you.
You were not hungry.

You visited 1 branch of the dungeon, and saw 4 of its levels.

You collected 141 gold pieces.

Inventory:

Hand Weapons
 a - a +0 mace (weapon)
Armour
 j - a +0 ring mail (worn)
 n - a scarf of resistance (worn)
Jewellery
 r - a ring of stealth (left hand)
Scrolls
 e - 3 scrolls of remove curse {unknown}
 f - 2 scrolls of recharging {unknown}
 g - a scroll of blinking {unknown}
 h - 2 scrolls of teleportation {unknown}
 l - 2 scrolls of identify {unknown}
 m - a scroll of magic mapping {unknown}
Potions
 i - a potion of agility
 k - 2 potions of curing {unknown}
 o - a potion of brilliance {unknown}
 p - 2 potions of resistance {unknown}
 s - a potion of cancellation {unknown}
 t - a potion of might {unknown}
Comestibles
 b - 2 royal jellies
 c - 3 bread rations
 d - 2 meat rations
 q - 8 chunks of flesh


   Skills:
 + Level 4.1 Fighting
 * Level 4.5 Maces & Flails
 - Level 1.7 Armour
 - Level 1.7 Dodging


You had 4 spell levels left.
You didn't know any spells.

Dungeon Overview and Level Annotations

Branches:
Dungeon (4/15)
 Temple: D:4-7

Altars:
Vehumet


Innate Abilities, Weirdness & Mutations

You have large cloven feet.
You regenerate a little health from kills.
When seriously injured, your bleeding wounds create armour. (AC +6)


Message History

You feel sick.
You feel sick.
Things that are here:
an uncursed blowgun; 6 curare-tipped needles You are too berserk!
You feel a strong urge to attack something.
You feel sick.
You feel sick.
You feel your anger subside.
You are no longer berserk.
You are exhausted.
You feel as though you will be slow longer.
* * * LOW HITPOINT WARNING * * *
You feel sick.
Okay, then.
Okay, then.
There is a lethal amount of poison in your body!
Okay, then.
It was a potion of agility.
You feel agile all of a sudden.
You die...

###
#########
##.####
#.......#
#......
#(#####.#
##.####
##(##
#.#####.####
#.@.#
#......<....
#$....#
#######.###.
#.......#
#.# #.
#.......#
#.# #.
#.......#
#.# #.
##.....##
### #.
##....# ##
####.# ###
#..


There were no monsters in sight!

Vanquished Creatures
  A howler monkey skeleton (D:4)
  6 adders
  A shadow imp (D:3)
  2 oozes (D:1)
  A leopard gecko (D:2)
  An orc (D:3)
  2 ball pythons
  5 giant cockroaches
  4 goblins
  7 hobgoblins
  7 jackals
  6 kobolds
  A quokka (D:2)
  7 bats
  2 frilled lizards
  6 rats (D:1)
59 creatures vanquished.

Vanquished Creatures (others)
  2 worms (D:2)
2 creatures vanquished.

Grand Total: 61 creatures vanquished

Notes
Turn   | Place    | Note
-------+----------+-------------------------------------------
     0 | D:1      | HammerPanzer the Demonspawn Berserker began the quest for the Orb.
     0 | D:1      | Reached XP level 1. HP: 18/18 MP: 1/1
    86 | D:1      | Gained mutation: You have large cloven feet. [demonic ancestry]
    86 | D:1      | Reached XP level 2. HP: 15/24 MP: 2/2
   601 | D:1      | Reached XP level 3. HP: 26/29 MP: 3/3
   665 | D:1      | Reached ** piety under Trog
  1210 | D:2      | Gained mutation: When seriously injured, your bleeding wounds create armour. (AC +6) [demonic ancestry]
  1210 | D:2      | Reached XP level 4. HP: 26/37 MP: 4/4
  1342 | D:2      | Found a radiant altar of Vehumet.
  1759 | D:3      | Gained mutation: You regenerate a little health from kills. [demonic ancestry]
  1759 | D:3      | Reached XP level 5. HP: 7/42 MP: 5/5
  1759 | D:3      | HP: 3/63 [asphyx]
  1760 | D:3      | HP: 1/63 [poisoned by kobold (curare-tipped needle)]
  1765 | D:3      | HP: 1/42 [poisoned by kobold (curare-tipped needle)]
  1766 | D:3      | Succumbed to kobold's curare-tipped needle

Skill      XL: |  1  2  3  4 |
---------------+-------------+-----
Maces & Flails | 3 4 |  4.5
Fighting       | 4 |  4.1
Armour         | |  1.7
Dodging        | |  1.7

Action                   |  1- 3 |  4- 6 || total
-------------------------+-------+-------++-------
Melee: Mace              |   102 |    49 ||   151
       Kick              |    17 |    11 ||    28
Invok: Berserk           |     1 |     1 ||     2
  Use: Potion            |       |     1 ||     1
 Stab: Sleeping          |       |     1 ||     1
  Eat: Chunk             |     2 |     2 ||     4
Armor: Animal skin       |    20 |       ||    20
       Ring mail         |    12 |    16 ||    28
       Leather armour    |     1 |       ||     1
Dodge: Dodged            |    94 |    25 ||   119
